 Dungeon Crawl Stone Soup version 0.26-a0-466-g989023bd0d (webtiles) character file.

Game seed: 14426352322053273987

228 gruber the Conjurer (level 6, -2/36 HPs)
             Began as an Octopode Conjurer on Aug 7, 2020.
             Slain by a hippogriff (6 damage)
             ... on level 4 of the Dungeon.
             The game lasted 00:03:11 (3944 turns).

gruber the Conjurer (Octopode Conjurer)             Turns: 3944, Time: 00:03:11

Health: -2/36      AC:  1    Str:  6    XL:     6   Next: 2%
Magic:  0/10       EV: 13    Int: 22    God:
Gold:   154        SH:  0    Dex: 11    Spells: 8/11 levels left

rFire    . . .     SeeInvis .   i - +0 dagger (venom)
rCold    . . .     Faith    .   (no shield)
rNeg     . . .     Spirit   .   (helmet restricted)
rPois    .         Reflect  .   (no amulet)
rElec    .         Harm     .   (no ring)
rCorr    .                      (no ring)
MR       .....                  (no ring)
Stlth    +++.......             (no ring)
HPRegen  0.12/turn              (no ring)
MPRegen  0.12/turn              (no ring)
                                (no ring)
                                (no ring)

@: no status effects
A: almost no armour, stealthy swim, amphibious, 8 rings, constrict 8, camouflage
1, gelatinous body 1
a: no special abilities


You were on level 4 of the Dungeon.
You visited 1 branch of the dungeon, and saw 4 of its levels.

You collected 154 gold pieces.

Inventory:

Hand Weapons
 i - a +0 dagger of venom (weapon)
Scrolls
 b - a scroll of teleportation {unknown}
 c - 7 scrolls of remove curse {unknown}
 e - 2 scrolls of noise {unknown}
 f - 4 scrolls of identify {unknown}
 j - 2 scrolls of enchant armour {unknown}
 k - 2 scrolls of immolation {unknown}
 l - a scroll of fear {unknown}
 m - a scroll of fog {unknown}
Potions
 a - 2 potions of magic {unknown}
 d - a potion of ambrosia {unknown}
 g - 3 potions of curing {unknown}
 h - a potion of mutation {unknown}


   Skills:
 - Level 2.0 Dodging
 - Level 2.6 Stealth
 + Level 3.2 Spellcasting
 + Level 6.4 Conjurations


You had 8 spell levels left.
You knew the following spells:

 Your Spells              Type           Power        Failure   Level
a - Magic Dart            Conj           ####         1%          1
b - Searing Ray           Conj           ####..       1%          2

Your spell library contained the following spells:

 Spells                   Type           Power        Failure   Level
 Dazzling Flash           Conj/Hex       ###...       10%         3
 Fulminant Prism          Conj/Hex       ###.......   32%         4
 Iskenderun's Mystic Bla  Conj/Tloc      ###.....     32%         4


Dungeon Overview and Level Annotations

Branches:
Dungeon (4/15)
 Temple: D:4-7

Altars:
Makhleb
Okawaru
Sif Muna
Trog

Annotations:
D:3 3 runed translucent doors, Tenar's ghost, amateur FoFi


Innate Abilities, Weirdness & Mutations

You cannot wear most types of armour.
You are very stealthy in the water. (Stealth+)
You are amphibious.
You can wear up to eight rings at the same time.
You can use your tentacles to constrict eight enemies at once.
Your skin changes colour to match your surroundings (Stealth+).
Your rubbery body absorbs attacks. (AC +1, EV +1)


Message History

Press: ? - help, Shift-Dir - straight line, f/p - hippogriff
Aim: a hippogriff (heavily wounded)
The searing ray misses the hippogriff. (Press . to maintain the ray.)
The hippogriff barely misses you. The hippogriff pecks you.
The hippogriff claws you.
The searing ray hits the hippogriff!
The hippogriff is severely wounded.
The hippogriff bites you! The hippogriff pecks you.
The hippogriff closely misses you.
An orc comes into view. It is wielding a +0 flail.
The searing ray misses the hippogriff.
The hippogriff closely misses you. The hippogriff pecks you.
* * * LOW HITPOINT WARNING * * *
The hippogriff claws you.
* * * LOW HITPOINT WARNING * * *
The searing ray hits the hippogriff!
The hippogriff is almost dead.
You finish channeling your searing ray.
The hippogriff bites you.
You die...

......<# ########
### ########.#
.........# ####
########.# ...
#######.###.#####.
#>###
#...............o.
....#
#.###.....@..o....
....# #.#
#.#.###H#####.
....###.# #.#.# .#
......#.# #.#.# .#
.#..#.#.# #.#.# .#
......#.###.#.###.#
...................
.#.#.##...........#
##.#.#####..#######


You could see a hippogriff and 2 orcs.

Vanquished Creatures
  An orc priest (D:3)
  10 adders
  An ooze (D:2)
  3 worms
  2 dart slugs
  2 leopard geckos (D:3)
  7 orcs
  A ball python (D:3)
  A giant cockroach (D:2)
  8 goblins
  7 hobgoblins
  10 jackals
  7 kobolds
  3 quokkas (D:3)
  5 bats
  4 frilled lizards
  A leopard gecko skeleton (D:4)
  12 rats
85 creatures vanquished.

Notes
Turn   | Place    | Note
-------+----------+-------------------------------------------
     0 | D:1      | gruber the Octopode Conjurer began the quest for the Orb.
     0 | D:1      | Reached XP level 1. HP: 11/11 MP: 3/3
   600 | D:1      | Reached XP level 2. HP: 15/17 MP: 0/5
  1638 | D:2      | Reached XP level 3. HP: 17/21 MP: 6/6
  1657 | D:2      | Learned a level 2 spell: Searing Ray
  1791 | D:2      | Reached skill level 5 in Conjurations
  2043 | D:2      | Found a bloodstained altar of Trog.
  2156 | D:2      | Found an iron altar of Okawaru.
  2158 | D:2      | Reached XP level 4. HP: 27/27 MP: 4/7
  2389 | D:2      | Found a shimmering blue altar of Sif Muna.
  2822 | D:3      | Reached XP level 5. HP: 29/31 MP: 6/9
  2931 | D:3      | Reached skill level 6 in Conjurations
  3372 | D:3      | Found a runed translucent gate.
  3372 | D:3      | Found a runed translucent gate.
  3372 | D:3      | Found a runed translucent gate.
  3377 | D:3      | Noticed Tenar's ghost (amateur FoFi)
  3723 | D:3      | Reached XP level 6. HP: 36/36 MP: 10/10
  3724 | D:3      | Found a burning altar of Makhleb.
  3935 | D:4      | Noticed a hippogriff
  3944 | D:4      | Slain by a hippogriff

Illustrated notes

Levels and vault maps discovered:
D:1:      heliophobic_arrival_enchanted_forest, layout_basic,
          minmay_misc_feat_enclosed
D:2:      layout_rooms, lemuel_doored_altar, lemuel_round_altar,
          overflow_temple_1_default, minmay_quadrilaterals
D:3:      layout_loops_ring, gammafunk_ghost_necromancy, bloody_makhleb
D:4:      layout_basic, chequers_garden

Skill      XL: |  1  2  3  4  5 |
---------------+----------------+-----
Conjurations   | 5 6 |  6.4
Spellcasting   | 3 |  3.2
Dodging        | |  2.0
Stealth        | |  2.6

Action                   |  1- 3 |  4- 6 || total
-------------------------+-------+-------++-------
Melee: Unarmed           |    62 |       ||    62
       Constrict         |    18 |    26 ||    44
       Tentacles         |    16 |    12 ||    28
       Dagger            |       |   100 ||   100
 Cast: Magic Dart        |    19 |     2 ||    21
       Searing Ray       |     4 |    10 ||    14
  Use: Potion            |     1 |       ||     1
 Stab: Sleeping          |    10 |    16 ||    26
Armor: Skin              |     5 |     8 ||    13
Dodge: Dodged            |    42 |    61 ||   103

Table legend: (Time is in decaauts)
 A = Elapsed time spent in this place.
 B = Non-inter-level travel time spent in this place.
 C = Inter-level travel time spent in this place.
 D = Time resting spent in this place.
 E = Time spent auto-exploring this place.
 F = Levels seen in this place.
 G = Mean time per level.
                   A        B        C        D        E       F      G
               +--------+--------+--------+--------+--------+-----+--------+
         Total |   3942 |   3823 |    119 |    280 |   3021 |   4 |  985.5 |
       Dungeon |   3942 |   3823 |    119 |    280 |   3021 |   4 |  985.5 |
               +--------+--------+--------+--------+--------+-----+--------+

Top non-repeatable levels by time:
     D:1: 1621 daAuts
     D:2: 1187 daAuts
     D:3: 1053 daAuts
     D:4: 80 daAuts
